Map: Kairos Junction LE

Players

Parkkatz - Winner!

  • Race: Zerg Zerg
  • League: Platinum
  • Spawn Location: 5:00

blank

  • Race: Protoss Protoss
  • League: Platinum
  • Spawn Location: 11:00

VOD

Have the link to the VOD?

Description

Time

  • Played on: July 5, 2019, 8:13 p.m.
  • Length: 8:17
Show
View Real Time Build Order
Export as new Build Order

Parkkatz Zerg - Winner!

Build Orders: Pool First 

Get SALT Encoding   

  12  0:01  Drone  
  13  0:15  Overlord  
  13  0:17  Drone  
  14  0:33  Drone  
  14  0:34  Drone  
  16  0:37  Drone  
  17  0:48  Drone  
  18  0:53  Spawning Pool  
  17  1:05  Drone  
  18  1:21  Drone, Extractor  
  18  1:23  Drone  
  19  1:32  Hatchery  
  18  1:33  Drone  
  19  1:41  Queen  
  19  1:42  Zergling x2  
  22  1:53  Overlord  
  22  2:14  Hatchery  
  21  2:21  Queen  
  23  2:23  Metabolic Boost  
  23  2:29  Drone x2  
  25  2:40  Overlord  
  25  3:06  Queen  
  25  3:07  Drone x2  
  25  3:08  Drone x5  
  33  3:22  Zergling x4  
  33  3:26  Overlord  
  35  3:30  Drone  
  36  3:40  Queen  
  38  3:42  Queen  
  38  3:44  Drone x2  
  38  3:45  Zergling x4  
  44  3:51  Overlord  
  44  4:00  Drone x2  
  46  4:05  Drone x3  
  46  4:06  Drone x2  
  51  4:18  Drone  
  51  4:19  Drone x5  
  51  4:22  Overlord  
  51  4:23  Overlord  
  56  4:45  Lair  
  56  4:47  Drone  
  56  4:48  Drone x2  
  56  4:50  Extractor  
  56  4:51  Drone x2, Extractor  
  59  4:59  Drone x3  
  62  5:00  Drone x3  
  62  5:05  Drone x2  
  62  5:07  Roach Warren, Evolution Chamber, Zergling x2  
  66  5:08  Zergling x8  
  70  5:18  Drone x2  
  72  5:31  Overlord x2  
  72  5:42  Drone  
  73  5:44  Overlord x2  
  73  5:45  Zergling x6  
  73  5:46  Zergling x4  
  78  5:52  Spore Crawler  
  78  5:53  Hatchery  
  78  5:55  Extractor  
  75  5:57  Drone x3  
  75  5:58  Drone x3, Extractor  
  80  6:05  Spore Crawler  
  79  6:13  Drone x2  
  79  6:14  Drone  
  79  6:16  Glial Reconstitution  
  79  6:17  Overlord x2, Zerg Missile Weapons Level 1  
  82  6:22  Overlord x2  
  77  6:44  Roach  
  77  6:45  Roach x15  
  109  7:01  Baneling Nest  
  109  7:03  Infestation Pit  
  109  7:05  Hatchery  
  103  7:16  Zergling x2  
  103  7:17  Roach  
  103  7:18  Roach x10  
  103  7:19  Queen  
  125  7:25  Extractor  
  122  7:38  Zergling x12  
  122  7:41  Roach x6  
  136  7:56  Roach  
  136  7:57  Roach x9  
  152  8:02  Hydralisk Den  
Show
View Real Time Build Order
Export as new Build Order

blank Protoss 

Build Orders: 1 Gate Expand 

Get SALT Encoding   

  12  0:01  Probe  
  13  0:18  Probe, Pylon  
  14  0:30  Probe  
  15  0:38  Probe  
  15  0:39  Gateway  
  16  0:47  Probe  
  16  0:49  Assimilator  
  17  0:57  Probe  
  18  1:14  Pylon  
  18  1:28  Nexus  
  18  1:46  Cybernetics Core  
  18  1:52  Probe  
  19  1:57  Assimilator  
  19  2:00  Probe  
  20  2:08  Probe  
  20  2:14  Warp Gate  
  20  2:19  Probe, Pylon  
  21  2:23  Adept  
  23  2:33  Shield Battery  
  24  2:37  Probe  
  24  2:49  Probe  
  24  2:57  Probe  
  25  3:01  Probe  
  26  3:13  Stalker  
  26  3:15  Probe  
  26  3:17  Probe  
  30  3:27  Probe  
  30  3:31  Gateway  
  30  3:32  Twilight Council  
  30  3:33  Pylon  
  31  3:37  Probe  
  31  3:39  Pylon  
  32  3:44  Probe  
  32  3:48  Charge  
  33  3:50  Probe  
  34  4:03  Probe x2  
  34  4:05  Zealot  
  34  4:06  Robotics Facility  
  38  4:15  Probe x2  
  40  4:27  Probe x2  
  42  4:33  Adept, Pylon  
  42  4:34  Adept  
  46  4:39  Probe  
  46  4:44  Shield Battery  
  48  4:45  Probe  
  48  4:47  Pylon  
  48  4:49  Observer  
  48  4:53  Gateway, Probe  
  48  4:57  Shield Battery, Probe  
  51  5:00  Assimilator  
  51  5:06  Probe  
  52  5:09  Zealot  
  52  5:10  Zealot, Probe  
  57  5:21  Warp Prism  
  56  5:28  Probe x2  
  59  5:48  Probe x2  
  61  5:52  Assimilator  
  61  5:54  Stalker x2  
  61  5:55  Sentry  
  61  5:56  Nexus  
  67  5:59  Pylon  
  67  6:00  Probe, Pylon  
  68  6:07  Gateway  
  68  6:11  Forge  
  68  6:17  Pylon  
  68  6:23  Probe x2  
  68  6:24  Templar Archives  
  70  6:35  Probe  
  70  6:37  Shield Battery, Adept x2  
  73  6:42  Adept  
  73  6:51  Shield Battery  
  73  6:53  Probe x2  
  75  6:58  Warp Prism  
  77  7:05  Probe  
  78  7:26  Probe x3  
  81  7:32  Zealot x3  
  86  7:38  Probe  
  83  7:45  Stalker  
  72  8:01  Stalker x3  
Tags
 
Add a new tag
Caveats
  • Supply blocks, unpowered buildings, or Contaminate may cause inaccurate times.
  • Supply counts are checked every 10 seconds.